 Dungeon Crawl Stone Soup version 0.17-a0-1647-gb11a595 (console) character file.

144 Monkaria the Conjurer (level 5, -3/28 HPs)
             Began as a Deep Elf Conjurer on Aug 12, 2015.
             Slain by a gnoll
             ... wielding a +0 spear
              (6 damage)
             ... on level 3 of the Dungeon.
             The game lasted 00:03:35 (1894 turns).

Monkaria the Conjurer (Deep Elf Conjurer)           Turns: 1894, Time: 00:03:36

Health: -3/28      AC:  2    Str:  7    XL:     5   Next: 5%
Magic:  1/11       EV: 13    Int: 21    God:
Gold:   134        SH:  0    Dex: 15    Spells: 2 memorised, 7 levels left

rFire  . . .     SeeInvis .     (no weapon)
rCold  . . .     Clarity  .     a - +0 robe
rNeg   . . .     SustAt   .     (no shield)
rPois  .         Gourm    .     (helmet restricted)
rElec  .         Spirit   .     (no cloak)
rCorr  .         Warding  .     (no gloves)
rMut   .         Stasis   .     (no boots)
MR     .....                    (no amulet)
Stlth  ++........               (no ring)
                                (no ring)

@: not resistant to hostile enchantments, unstealthy
A: horns 1, spit poison 1, strong 1, MP-powered wands
a: Spit Poison


You were on level 3 of the Dungeon.
You were not hungry.

You visited 1 branch of the dungeon, and saw 3 of its levels.

You collected 134 gold pieces.

Inventory:

Armour
 a - a +0 robe (worn)
Jewellery
 d - an uncursed ring of stealth {unknown}
Scrolls
 e - a scroll of immolation {unknown}
 g - 3 scrolls of enchant armour {unknown}
 h - a scroll of teleportation {unknown}
 i - a scroll of amnesia {unknown}
 l - a scroll of identify {unknown}
Potions
 k - a potion of haste
Books
 b - a book of Conjurations

   Spells                             Type                      Level
   a - Magic Dart                     Conjuration                  1
   b - Searing Ray                    Conjuration                  2
   c - Dazzling Spray                 Conjuration/Hexes            3
   d - Fulminant Prism                Conjuration/Hexes            4
   e - Iskenderun's Mystic Blast      Conjuration                  4
   f - Iskenderun's Battlesphere      Conjuration/Charms           5
Comestibles
 c - 3 bread rations
 f - 3 meat rations
 j - 2 chunks of flesh
 m - 3 fruits


   Skills:
 - Level 2.4 Dodging
 - Level 2.4 Stealth
 - Level 3.0 Spellcasting
 + Level 7.0 Conjurations


You had 7 spell levels left.
You knew the following spells:

 Your Spells              Type           Power        Failure   Level  Hunger
a - Magic Dart            Conj           ####         1%          1    None
b - Searing Ray           Conj           ####..       1%          2    ##.....


Dungeon Overview and Level Annotations

Branches:
Dungeon (3/15)

Altars:


Innate Abilities, Weirdness & Mutations

You have a pair of small horns on your head.
You can spit weak poison.
Your muscles are strong. (Str +2)
You expend magic power (3 MP) to strengthen your wands.


Message History

The gnoll hits you from afar with a spear.
* * * LOW HITPOINT WARNING * * *
The searing ray hits the gnoll.
The gnoll is heavily wounded.
The gnoll hits you from afar with a spear.
* * * LOW HITPOINT WARNING * * *
Casting: Searing Ray
Confirm with . or Enter, or press ? or * to list all spells.
Aiming: Magic Dart
Press: ? - help, Shift-Dir - straight line, f/p - gnoll
Aim: a gnoll, wielding a spear (heavily wounded)
Okay, then.
Casting: Magic Dart
Confirm with . or Enter, or press ? or * to list all spells.
Aiming: Searing Ray
Press: ? - help, Shift-Dir - straight line, f/p - gnoll
Aim: a gnoll, wielding a spear (heavily wounded)
The searing ray misses the gnoll.
The gnoll hits you from afar with a spear.
You die...

##########.#
####)....@)g).#
#...†....######
#.##.###.#
#.##..##.#
#.###.##.#
#........#
#####..###
#####.<.####
...........+


You could see a gnoll.

Vanquished Creatures
  2 orc priests (D:3)
  An adder (D:3)
  2 gnolls (D:3)
  2 worms (D:2)
  A giant gecko (D:1)
  9 orcs (D:3)
  4 goblins
  3 hobgoblins
  5 bats
  4 giant newts
  5 kobolds
  8 rats
  A fungus (D:1)
47 creatures vanquished.

Notes
Turn   | Place    | Note
--------------------------------------------------------------
     0 | D:1      | Monkaria the Deep Elf Conjurer began the quest for the Orb.
     0 | D:1      | Reached XP level 1. HP: 10/10 MP: 6/6
   297 | D:1      | Reached XP level 2. HP: 15/15 MP: 6/8
   427 | D:1      | Reached skill level 5 in Conjurations
   978 | D:2      | Learned a level 2 spell: Searing Ray
  1129 | D:2      | Reached XP level 3. HP: 19/19 MP: 2/9
  1383 | D:3      | Reached skill level 6 in Conjurations
  1383 | D:3      | Reached XP level 4. HP: 8/24 MP: 2/10
  1390 | D:3      | Gained mutation: Your muscles are strong. (Str +2) [potion of mutation]
  1390 | D:3      | Gained mutation: You can spit weak poison. [potion of mutation]
  1391 | D:3      | Gained mutation: You expend magic power (3 MP) to strengthen your wands. [potion of mutation]
  1391 | D:3      | Gained mutation: You have a pair of small horns on your head. [potion of mutation]
  1391 | D:3      | HP: 1/24 [orc priest/dagger (4)]
  1892 | D:3      | Reached skill level 7 in Conjurations
  1892 | D:3      | Reached XP level 5. HP: 10/28 MP: 5/11
  1894 | D:3      | Slain by a gnoll

Vault maps used:
D:1:      dpeg_arrival_solitude, hangedman_decor_clover_reticule, st_stairs_14,
          minmay_gold_behind_fungi, serial_bayou_pond_d, minmay_strange_pillars,
          minmay_crystal_water
D:2:      first_bread, minmay_misc_feat_iff

Action                   |  1- 3 |  4- 6 || total
-------------------------+-------+-------++-------
Melee: Unarmed           |    43 |    14 ||    57
 Cast: Magic Dart        |    43 |    27 ||    70
       Searing Ray       |     4 |     3 ||     7
  Use: Potion            |       |     5 ||     5
  Eat: Chunk             |     1 |     2 ||     3
